 Dungeon Crawl Stone Soup version 0.26.1-11-gd32895ea62 (webtiles) character file.

Game seed: 14184522262168262480

88 Zeld the Grasshopper (level 4, -3/37 (39) HPs)
             Began as a Palentonga Warper on June 15, 2021.
             Slain by Crazy Yiuf
             ... wielding a +3 quarterstaff of chaos
              (5 damage)
             ... on level 2 of the Dungeon.
             The game lasted 00:03:39 (2575 turns).

Zeld the Grasshopper (Palentonga Warper)            Turns: 2575, Time: 00:03:39

HP:   -3/37 (39)    AC:  3    Str: 15    XL:     4   Next: 29%
MP:   5/7           EV: 10    Int: 14    God:
Gold: 74            SH:  0    Dex:  9    Spells: 2/7 levels left

rFire    . . .     SeeInvis +   a - +2 whip (holy)
rCold    . . .     Faith    .   (no shield)
rNeg     . . .     Spirit   .   (no armour)
rPois    .         Reflect  .   (no helmet)
rElec    .         Harm     .   (no cloak)
rCorr    .         Rampage  .   (no gloves)
Will     .....                  (no barding)
Stlth    +.........             (no amulet)
HPRegen  0.12/turn              (no ring)
MPRegen  0.10/turn              (no ring)

@: hasted, drained, very quick
A: large, rugged brown scales 3, see invisible, deformed body, roll 1, armoured
tail
a: Rolling Charge


You were on level 2 of the Dungeon.
You visited 1 branch of the dungeon, and saw 2 of its levels.

You collected 74 gold pieces.

Inventory:

Hand Weapons
 a - a +2 whip of holy wrath (weapon)
Missiles
 e - 5 boomerangs of dispersal (quivered)
Armour
 p - a +0 scale mail of poison resistance
Scrolls
 d - 2 scrolls of blinking
 f - a scroll of noise {unknown}
 h - 2 scrolls of identify {unknown}
 j - a scroll of teleportation {unknown}
 k - a scroll of remove curse {unknown}
 n - a scroll of fear {unknown}
 o - a scroll of amnesia {unknown}
Potions
 c - a potion of experience {unknown}
 g - 2 potions of haste {unknown}
 i - a potion of heal wounds {unknown}
 l - a potion of ambrosia {unknown}
 m - a potion of lignification {unknown}


   Skills:
 + Level 2.5 Fighting
 * Level 2.8 Maces & Flails
 - Level 0.6 Throwing
 + Level 1.2 Armour
 + Level 2.0 Dodging
 + Level 2.3 Spellcasting
 * Level 3.6 Translocations


You had 2 spell levels left.
You knew the following spells:

 Your Spells              Type           Power        Failure   Level
a - Blink                 Tloc           N/A          8%          2
b - Gell's Gravitas       Tloc           5%           16%         3

Your spell library contained the following spells:

 Spells                   Type           Power        Failure   Level
 Lesser Beckoning         Tloc           5%           16%         3
 Teleport Other           Tloc           11%          16%         3
 Passage of Golubria      Tloc           N/A          45%         4


Dungeon Overview and Level Annotations

Branches:
Dungeon (2/15)

Altars:
Kikubaaqudgha
Qazlal

Annotations:
D:2 Crazy Yiuf


Innate Abilities, Weirdness & Mutations

You are completely covered in rugged brown scales. (AC +3, +7% HP)
You have supernaturally acute eyesight. (SInv)
Armour fits poorly on your strangely shaped body.
You can roll at nearby foes to attack.
You have a long armoured tail.


Message History

Crazy Yiuf yells, "Ten sing forty-two!"
Roll where?
Press: ? - help, Dir - move target, f/p - Crazy Yiuf
Aim: Crazy Yiuf, wielding a +3 quarterstaff of chaos and wearing a +0 cloak (almost dead)
You roll forward with a clatter of scales!
You barely miss Crazy Yiuf.
Crazy Yiuf is almost dead.
Crazy Yiuf hits you with a +3 quarterstaff of chaos.
Crazy Yiuf burns you.
Crazy Yiuf screams, "Rot!"
Roll where?
Press: ? - help, Dir - move target, f/p - Crazy Yiuf
Aim: Crazy Yiuf, wielding a +3 quarterstaff of chaos and wearing a +0 cloak (almost dead)
You roll forward with a clatter of scales!
You hit Crazy Yiuf but do no damage.
Crazy Yiuf is almost dead.
Crazy Yiuf hits you with a +3 quarterstaff of chaos!
* * * LOW HITPOINT WARNING * * *
You feel drained.
You die...

#.#......# ######...
..##.....# ##.#
.)###....# ###
######## #.# ##...#
#.# #....(.. #.# ##'##
#.# #.###### #.#####.#
#.# #.# # ..<.....###
#.# #.######
#.#####...##########.#
#.##.... #.#
##.......))g@○...#
#.##.### #.#
#.....############
#.##.### ..# ##....##
#....... ### #...#.#
####.### ##...## #....
#..## ##### ####


You could see Crazy Yiuf.

Vanquished Creatures
  Terence (D:2)
  2 adders (D:2)
  3 worms (D:2)
  3 leopard geckos
  3 giant cockroaches
  6 goblins (D:2)
  4 hobgoblins
  A bat (D:2)
  4 frilled lizards (D:1)
  4 kobolds (D:1)
  4 rats (D:2)
35 creatures vanquished.

Notes
Turn   | Place    | Note
-------+----------+-------------------------------------------
     0 | D:1      | Zeld the Palentonga Warper began the quest for the Orb.
     0 | D:1      | Reached XP level 1. HP: 18/18 MP: 3/3
   396 | D:1      | Reached XP level 2. HP: 22/25 MP: 5/5
   402 | D:1      | Learned a level 2 spell: Blink
   674 | D:1      | Reached skill level 1 in Armour
  1232 | D:2      | Found a runed translucent door.
  1233 | D:2      | Noticed Crazy Yiuf
  1264 | D:2      | Reached XP level 3. HP: 31/31 MP: 6/6
  1268 | D:2      | Learned a level 3 spell: Gell's Gravitas
  1590 | D:2      | Found an ancient bone altar of Kikubaaqudgha.
  2245 | D:2      | Found a stormy altar of Qazlal.
  2294 | D:2      | Noticed Terence
  2312 | D:2      | Killed Terence
  2313 | D:2      | Reached XP level 4. HP: 29/39 MP: 3/7
  2575 | D:2      | Slain by Crazy Yiuf

Illustrated notes

Levels and vault maps discovered:
D:1:      amcnicky_arrival_choice, layout_loops_ring, chequers_arboretum,
          chequers_serial_rivers_micro_c, hex_medium, dk_noncrumbling_3
D:2:      layout_loops_corners, kiku_gazebo_pond_becter, lemuel_doored_altar,
          uniq_terence, uniq_crazy_yiuf_cottage

Skill      XL: |  1  2  3 |
---------------+----------+-----
Armour         | 1 |  1.2
Dodging        | 2 |  2.0
Fighting       | |  2.5
Maces & Flails | |  2.8
Throwing       | |  0.6
Spellcasting   | |  2.3
Translocations | |  3.6

Action                   |  1- 3 |  4- 6 || total
-------------------------+-------+-------++-------
Melee: Whip              |   107 |     5 ||   112
       Mace              |     7 |       ||     7
       Tailslap          |    12 |     1 ||    13
 Cast: Blink             |     1 |     3 ||     4
       Gell's Gravitas   |     1 |       ||     1
 Abil: Rolling Charge    |    21 |     5 ||    26
Armor: Leather armour    |    26 |       ||    26
Dodge: Dodged            |    50 |     4 ||    54
